 Dungeon Crawl Stone Soup version 0.22-a0-192-g6ffc940 (webtiles) character file.

36 Lapis the Sneak (level 3, 0/24 HPs)
             Began as an Octopode Assassin on Feb 16, 2018.
             Slain by a gnoll
             ... wielding a +0 spear
              (12 damage)
             ... on level 2 of the Dungeon.
             The game lasted 00:01:44 (1201 turns).

Lapis the Sneak (Octopode Assassin)                 Turns: 1201, Time: 00:01:45

Health: 0/24       AC:  1    Str: 10    XL:     3   Next: 37%
Magic:  3/3        EV: 15    Int: 13    God:
Gold:   73         SH:  0    Dex: 14    Spells: 2/2 levels left

rFire    . . .     SeeInvis .   a - +2 dagger
rCold    . . .     Gourm    .   (no shield)
rNeg     . . .     Faith    +   (helmet restricted)
rPois    .         Spirit   .   m - amulet of faith
rElec    .         Reflect  .   i - +2 ring of evasion
rCorr    .         Harm     .   (no ring)
MR       .....                  (no ring)
Stlth    ++++......             (no ring)
HPRegen  0.08/turn              (no ring)
MPRegen  0.08/turn              (no ring)
                                (no ring)
                                (no ring)

@: no status effects
A: almost no armour, stealthy swim, amphibious, 8 rings, constrict 8, camouflage
1, gelatinous body 1
a: no special abilities


You were on level 2 of the Dungeon.
You were hungry.

You visited 1 branch of the dungeon, and saw 2 of its levels.

You collected 73 gold pieces.

Inventory:

Hand Weapons
 a - a +2 dagger (weapon)
 b - a +0 blowgun
Missiles
 c - 13 poisoned needles
 d - 2 curare-tipped needles
Jewellery
 i - a +2 ring of evasion (left tentacle)
 m - an amulet of faith (around mantle)
Scrolls
 e - 2 scrolls of identify
 g - a scroll of random uselessness {unknown}
 h - a scroll of immolation {unknown}
 j - a scroll of blinking {unknown}
 k - a scroll of enchant armour {unknown}
 n - a scroll of noise {unknown}
 o - a scroll of remove curse {unknown}
Potions
 l - a potion of curing
Comestibles
 f - 5 rations


   Skills:
 * Level 2.1 Fighting
 * Level 2.2 Short Blades
 - Level 2.0 Throwing
 * Level 1.3 Dodging
 * Level 6.4 Stealth


You had 2 spell levels left.
You didn't know any spells.

Dungeon Overview and Level Annotations

Branches:
Dungeon (2/15)

Altars:
Elyvilon


Innate Abilities, Weirdness & Mutations

You cannot wear most types of armour.
You are very stealthy in the water. (Stealth+)
You are amphibious.
You can wear up to eight rings at the same time.
You can use your tentacles to constrict eight enemies at once.
Your skin changes colour to match your surroundings (Stealth+).
Your rubbery body absorbs attacks. (AC +1, EV +1)


Message History

No target in view!
No target in view!
No target in view!
No target in view!
No target in view!
No target in view!
Found a leather armour.
A gnoll comes into view. It is wielding a spear.
A gnoll comes into view. It is wielding a halberd.
A gnoll comes into view. It is wielding a halberd.
You see here a leather armour.
A centaur skeleton comes into view.
Found a viscous puce potion.
Found a stone staircase leading up.
The gnoll shouts!
The gnoll hits you with a spear.
The gnoll hits you from afar with a halberd!
Found 12 gold pieces.
The gnoll hits you from afar with a spear!
Ouch! That really hurt!
You die...

#..^.###.......#.......
#..#.. #####...........
#...##.#
#.............. #..#
#..##.....<........ #..
#....##...รท....... ..
##..###.####......
#[.##..# ##.....
#######.##...# ###..#
#..Z..@....#.# #.#
...###..##.>..# ..
.....!gg#...####
.#....g........
...####.####### .. ..#
..# ##.# .$.


You could see 3 gnolls and a centaur skeleton.

Vanquished Creatures
  An adder (D:2)
  A dart slug (D:2)
  5 bats
  5 giant cockroaches (D:1)
  2 goblins (D:1)
  A hobgoblin (D:1)
  2 jackals (D:2)
  A ball python (D:2)
  A frilled lizard (D:1)
  A kobold (D:1)
  3 rats (D:2)
23 creatures vanquished.

Notes
Turn   | Place    | Note
-------+----------+-------------------------------------------
     0 | D:1      | Lapis the Octopode Assassin began the quest for the Orb.
     0 | D:1      | Reached XP level 1. HP: 14/14 MP: 1/1
   226 | D:1      | Reached XP level 2. HP: 4/19 MP: 2/2
   754 | D:1      | Reached skill level 6 in Stealth
   959 | D:2      | Reached XP level 3. HP: 16/24 MP: 3/3
   967 | D:2      | Found a white marble altar of Elyvilon.
  1201 | D:2      | Slain by a gnoll

Vault maps used:
D:1:      dpeg_arrival_chambers_temple_mockup, grunt_decor_mini_mirrors,
          amethyst_killhole
D:2:      dancing_weapons_uskayaw, old_standard_altar, minivault_14

Skill      XL: |  1  2 |
---------------+-------+-----
Stealth        | 6 |  6.4
Fighting       | |  2.1
Short Blades   | |  2.2
Throwing       | |  2.0
Dodging        | |  1.3

Action                   || total
-------------------------++-------
Melee: Dagger            ||    47
       Constrict         ||     9
       Tentacles         ||     5
  Use: Scroll            ||     1
 Stab: Sleeping          ||     8
Dodge: Dodged            ||    20

Table legend:
 A = Spawn XP
 B = Non-spawn XP
 C = Spawn XP percentage of total XP
 D = Spawn monster count
 E = Non-spawn monster count
 F = Spawn count percentage of total count
 G = Total turns spent on level
                    A         B        C        D         E        F      G
               +---------+---------+-------+---------+---------+-------+---------
         Total |       0 |      52 |   0.0 |       0 |      23 |   0.0 |  1201
               +---------+---------+-------+---------+---------+-------+---------
           D:1 |       0 |      23 |   0.0 |       0 |      13 |   0.0 |   937
           D:2 |       0 |      29 |   0.0 |       0 |      10 |   0.0 |   264
               +---------+---------+-------+---------+---------+-------+---------
